 Dungeon Crawl Stone Soup version 0.23.3-3-gaaff5abdbf (webtiles) character file.

Game seed: 6437746827513513852

95 MordorOrchid the Sneak (level 4, -2/28 HPs)
             Began as an Octopode Earth Elementalist on June 5, 2020.
             Slain by a goblin (4 damage)
             ... led by Robin
             ... on level 2 of the Dungeon.
             The game lasted 00:06:43 (844 turns).

MordorOrchid the Sneak (Octopode Earth Elementalist) Turns: 844, Time: 00:06:43

Health: -2/28      AC:  1    Str:  7    XL:     4   Next: 65%
Magic:  5/7        EV: 13    Int: 18    God:
Gold:   31         SH:  3    Dex: 12    Spells: 2/8 levels left

rFire    . . .     SeeInvis .   g - +0 short sword
rCold    . . .     Gourm    .   q - +0 buckler
rNeg     . . .     Faith    .   (helmet restricted)
rPois    .         Spirit   .   (no amulet)
rElec    .         Reflect  .   (no ring)
rCorr    .         Harm     .   (no ring)
MR       .....                  (no ring)
Stlth    +++.......             (no ring)
HPRegen  0.09/turn              (no ring)
MPRegen  0.10/turn              (no ring)
                                (no ring)
                                (no ring)

@: no status effects
A: almost no armour, stealthy swim, amphibious, 8 rings, constrict 8, camouflage
1, gelatinous body 1
a: no special abilities


You were on level 2 of the Dungeon.
You were not hungry.

You visited 1 branch of the dungeon, and saw 2 of its levels.

You collected 31 gold pieces.

Inventory:

Hand Weapons
 a - a +0 hunting sling
 g - a +0 short sword (weapon)
 j - a +0 hunting sling
Missiles
 b - 48 stones (quivered)
 l - 14 poisoned needles
 o - 46 sling bullets
Armour
 q - a +0 buckler (worn)
Scrolls
 f - 2 scrolls of remove curse {unknown}
 h - a scroll of amnesia {unknown}
 k - a scroll of magic mapping {unknown}
 m - 2 scrolls of identify {unknown}
 u - 3 scrolls of teleportation {unknown}
Potions
 d - a potion of agility {unknown}
 e - a potion of curing
 n - a potion of berserk rage {unknown}
 p - a potion of lignification {unknown}
 r - 2 potions of might {unknown}
 s - 2 potions of haste {unknown}
 t - a potion of brilliance {unknown}
Comestibles
 c - 8 rations
 i - a chunk of flesh


   Skills:
 * Level 1.1 Fighting
 * Level 2.5 Dodging
 + Level 3.9 Stealth
 * Level 0.4 Shields
 + Level 2.6 Spellcasting
 * Level 0.7 Conjurations
 - Level 1.0 Transmutations
 + Level 3.4 Earth Magic


You had 2 spell levels left.
You knew the following spells:

 Your Spells              Type           Power        Failure   Level  Hunger
a - Sandblast             Erth           ##....       6%          1    #......
f - Stone Arrow           Conj/Erth      ##....       32%         3    ###....
w - Passwall              Tmut/Erth      ##......     16%         2    ##.....

Your spell library contained the following spells:

 Spells                   Type           Power        Failure   Level  Hunger
 Petrify                  Tmut/Erth      ##......     71%         4    #####..
 Lee's Rapid Deconstruct  Erth           ##........   87%         5    ######.


Dungeon Overview and Level Annotations

Branches:
Dungeon (2/15)

Altars:
Nemelex Xobeh

Annotations:
D:2 Robin


Innate Abilities, Weirdness & Mutations

You cannot wear most types of armour.
You are very stealthy in the water. (Stealth+)
You are amphibious.
You can wear up to eight rings at the same time.
You can use your tentacles to constrict eight enemies at once.
Your skin changes colour to match your surroundings (Stealth+).
Your rubbery body absorbs attacks. (AC +1, EV +1)


Message History

* * * LOW HITPOINT WARNING * * *
You closely miss the goblin. Your grab misses the goblin.
The goblin is severely wounded.
The goblin hits you.
* * * LOW HITPOINT WARNING * * *
The goblin shoots a stone.
The stone closely misses you.
The stone completely misses the goblin.
Robin roars a battlecry!
The goblins go into a battle-frenzy!
The goblin barely misses you.
Unknown command.
Casting: Sandblast (safe; 6% risk of failure)
Confirm with . or Enter, or press ? or * to list all spells.
Aiming: Sandblast (safe; 6% risk of failure)
Press: ? - help, Shift-Dir - straight line, f/p - goblin
Aim: a goblin, wielding a -1 hunting sling (unusually strong)
The blast of sand misses the goblin.
b - 48 stones The goblin hits you.
You die...

.........##....# .#
........†##.#..###.#
##.......##.#......##.##
###.....##.##.........#
#.#.#.##.###......###
#.#.#.##...'......#
#.#.#.####.#......# ..
.. #.#########
#(.g@.g(gg# #.#######)#
#.# #..g.g... ###
#.......# .....#..#
#.......# .....$.#
...#.### .)....


You could see Robin, a hobgoblin and 2 goblins.

Vanquished Creatures
  Natasha (twice) (D:2)
  2 dart slugs (D:1)
  A leopard gecko (D:1)
  A giant cockroach (D:2)
  9 goblins
  6 hobgoblins
  A ball python (D:1)
  5 bats (D:1)
  3 kobolds (D:1)
  7 rats
37 creatures vanquished.

Notes
Turn   | Place    | Note
-------+----------+-------------------------------------------
     0 | D:1      | MordorOrchid the Octopode Earth Elementalist began the
                  | quest for the Orb.
     0 | D:1      | Reached XP level 1. HP: 11/11 MP: 3/3
    74 | D:1      | Reached XP level 2. HP: 17/17 MP: 1/5
   188 | D:1      | Found a sparkling altar of Nemelex Xobeh.
   254 | D:1      | Learned a level 2 spell: Passwall
   361 | D:1      | Reached XP level 3. HP: 21/22 MP: 6/6
   366 | D:1      | Learned a level 3 spell: Stone Arrow
   549 | D:2      | Noticed Natasha
   556 | D:2      | Killed Natasha
   556 | D:2      | Reached skill level 1 in Fighting
   556 | D:2      | Reached XP level 4. HP: 24/28 MP: 3/7
   726 | D:2      | Noticed Natasha
   732 | D:2      | Killed Natasha
   833 | D:2      | Noticed Robin
   844 | D:2      | Slain by a goblin

Skill      XL: |  1  2  3 |
---------------+----------+-----
Stealth        | 3 |  3.9
Fighting       | 1 |  1.1
Dodging        | |  2.5
Shields        | |  0.4
Spellcasting   | |  2.6
Conjurations   | |  0.7
Transmutations | |  1.0
Earth Magic    | |  3.4

Action                   |  1- 3 |  4- 6 || total
-------------------------+-------+-------++-------
Melee: Unarmed           |    11 |       ||    11
       Constrict         |     9 |     3 ||    12
       Tentacles         |     4 |     1 ||     5
       Short sword       |    22 |    18 ||    40
 Cast: Sandblast         |    12 |    11 ||    23
 Stab: Sleeping          |    10 |     2 ||    12
Armor: Skin              |     2 |     3 ||     5
Dodge: Dodged            |    16 |     9 ||    25
Block: Buckler           |       |     1 ||     1
